AoeStats
← Aralfiko

Arabian Desert

510760923Analyzed
1v1 RM · 18h ago on Oct 2, 2026· 29m 55s· 2 players
Game mode
Random Map
Map size
Tiny (2 player)
Population
200
Speed
Normal
Resources
Standard
Victory
Conquest
Starting age
Dark Age
Ending age
Imperial Age
RankedLock teamsTeams togetherTeam positionsShared explorationLock speedFull tech treeHidden civsTurbo modeCheats
Victory
Defeat
🇩🇪 Danes · Germany
1183
+16
🇲🇽 Franks · Mexico
1185
-16
vagabond94
7:03 Loom
9:22 Feudal Age
10:26 Double-Bit Axe
10:57 Man-at-Arms
11:24 Arson
28:04 Castle Age
27:38 Scale Mail Armor
28:08 Long Swordsman
29:03 Forging
Aralfiko
2:38 Loom
9:35 Feudal Age
10:09 Man-at-Arms
23:42 Scale Mail Armor
27:41 Fletching
29:21 Forging
Connection lost

Rejoining the realm…

Still unreachable

The connection could not be restored.

Session expired

The server has moved on; the page needs a fresh start.